 Dungeon Crawl Stone Soup version 0.30.1-11-g7821555f0a (webtiles) character file.

Game seed: 13772922266533720039

28 MrIGI the Chiller (level 3, 0/21 HPs)
             Began as an Octopode Ice Elementalist on Dec 11, 2023.
             Slain by Natasha (7 damage)
             ... on level 2 of the Dungeon.
             The game lasted 00:05:10 (1500 turns).

MrIGI the Chiller (Octopode Ice Elementalist)       Turns: 1500, Time: 00:05:13

Health: 0/21       AC:  7    Str:  9    XL:     3   Next: 12%
Magic:  3/6        EV: 13    Int: 17    God:
Gold:   85         SH:  0    Dex: 12    Spells: 2/6 levels left

rFire   . . .        c - +0 club
rCold   . . .        (no shield)
rNeg    . . .        (helmet restricted)
rPois   .            (no amulet)
rElec   .            f - ring of resist corrosion
rCorr   +            (no ring)
SInv    .            (no ring)
Will    .....        (no ring)
Stlth   +++          (no ring)
HPRegen 0.23/turn    (no ring)
MPRegen 0.10/turn    (no ring)
                     (no ring)

%: no passive effects
@: ice-armoured, slowed, very slow
A: almost no armour, amphibious, 8 rings, camouflage 1, gelatinous body 1,
(nimble swimmer 1), tentacles
a: no special abilities


You were on level 2 of the Dungeon.
You visited 1 branch of the dungeon, and saw 3 of its levels.

You collected 85 gold pieces.

Inventory:

Hand Weapons
 c - a +0 club (weapon)
Armour
 d - a +0 helmet
Jewellery
 f - a ring of resist corrosion (left tentacle)
Wands
 k - a wand of roots (9)
Scrolls
 b - 4 scrolls of identify {unknown}
 g - a scroll of brand weapon {unknown}
 h - a scroll of torment {unknown}
 l - a scroll of immolation {unknown}
Potions
 a - a potion of magic
 e - a potion of flight {unknown}
 i - a potion of ambrosia {unknown}
 j - a potion of heal wounds {unknown}


   Skills:
 - Level 2.0 Dodging
 + Level 3.4 Stealth
 + Level 2.2 Spellcasting
 * Level 4.6 Ice Magic


You had 2 spell levels left.
You knew the following spells:

 Your Spells              Type           Power      Damage    Failure   Level
a - Freeze                Ice            68%        1d8       3%          1
b - Ozocubu's Armour      Ice            17%        N/A       9%          3

Your spell library contained the following spells:

 Spells                   Type           Power      Damage    Failure   Level
 Magic Dart               Conj           4%         1d3       19%         1
 Call Imp                 Summ           2%         N/A       28%         2
 Frozen Ramparts          Ice            34%        1d6       9%          3
 Mephitic Cloud           Conj/Pois/Air  1%         N/A       50%         3
 Summon Ice Beast         Ice/Summ       9%         N/A       58%         4


Dungeon Overview and Level Annotations

Branches:
Dungeon (3/15)

Altars:

Shops:
D:1 *[[   D:2 :

Annotations:
D:2 Natasha
D:3 Jessica


Innate Abilities, Weirdness & Mutations

You cannot wear most types of armour.
You are amphibious.
You can wear up to eight rings at the same time.
Your skin changes colour to match your surroundings (Stealth+).
Your rubbery body absorbs attacks. (AC +1, EV +1)
((You are camouflaged when in or above water. (Stealth+)))
You have tentacles for arms and can constrict up to eight enemies at once.


Message History

Natasha stares at you and mumbles some strange words.
The magic dart hits you. Natasha closely misses you.
You barely miss Natasha. You grab Natasha.
You constrict Natasha, but do no damage.
Natasha stares at you and mumbles some strange words.
You feel yourself slow down. Natasha closely misses you.
You hit Natasha but do no damage. You constrict Natasha. Natasha claws you!
Natasha barely misses you.
You release your grip on Natasha.
Natasha claws you.
* * * LOW HITPOINT WARNING * * *
There is a stone staircase leading up here.
Natasha claws you but does no damage.
You climb upwards.
There is a stone staircase leading down here.
Sorry, you're not good enough to have a special ability.
Sorry, you're not good enough to have a special ability.
Cast which spell? (? or * to list)
The spell is quite dangerous to miscast (9% risk of failure)!
Continue anyway? [Y]es or [N]o only, please.
The spell is quite dangerous to miscast (9% risk of failure)!
Continue anyway?
A film of ice covers your body! Natasha closely misses you.
Natasha claws you but does no damage.
You hit Natasha. Your grab misses Natasha.
Natasha is heavily wounded.
Natasha completely misses you. Natasha misses you.
You barely miss Natasha. You grab Natasha.
Natasha is heavily wounded.
You constrict Natasha, but do no damage.
Natasha barely misses you.
Natasha casts a spell.
You hit Natasha.
Natasha is severely wounded.
You constrict Natasha. Natasha claws you but does no damage.
The cerulean imp hits you but does no damage.
Natasha howls an incantation.
Natasha's front paws start to glow.
Natasha claws you!
You die...

.# #####...........####..........
.########.....##........####.....
....................######.......
##########....##.......#...#.....
# #..........##...........
##########....##....####.........
#...........<..............##....
..##############5...........#....
### #..........h@...........†....
#####.##########....#.......#....
....∩.∩# #######...........#....
.###...# ##.......#.#.......#....
<##.∩.∩###.....####.#.......####.
###...###.......# #.........# #.
....####........###..#......# ##
................##..........#####
....................#.#.#.#......


You could see Natasha and a cerulean imp (summoned).

Vanquished Creatures
  3 ball pythons
  4 bats
  4 endoplasms
  A goblin (D:1)
  4 hobgoblins
  3 kobolds
  A quokka (D:2)
  2 frilled lizards
  A rat (D:1)
23 creatures vanquished.

Notes
Turn   | Place    | Note
-------+----------+-------------------------------------------
     0 | D:1      | MrIGI the Octopode Ice Elementalist began the quest for the
                  | Orb.
     0 | D:1      | Reached XP level 1. HP: 11/11 MP: 3/3
    39 | D:1      | Found Ifaustra's Armour Emporium.
   138 | D:1      | Found Baegoidd's General Store.
   270 | D:1      | Found Potagh's Antique Armour Shop.
   287 | D:1      | Reached XP level 2. HP: 15/17 MP: 5/5
  1265 | D:2      | Found Ifi Hosi's Book Shoppe.
  1293 | D:2      | Reached XP level 3. HP: 10/21 MP: 6/6
  1302 | D:2      | Learned a level 3 spell: Ozocubu's Armour
  1486 | D:3      | Noticed Natasha
  1486 | D:3      | Noticed Jessica
  1500 | D:2      | Slain by Natasha

Illustrated notes

Levels and vault maps discovered:
D:1:      heliophobic_arrival_dark_side_of_the_moon, layout_basic, serial_shops,
          shop, nicolae_shop_competitors_out_of_business, shop
D:2:      layout_rooms, serial_shops, nicolae_shop_competitors_out_of_business,
          kennysheep_generic_room_2
D:3:      layout_rooms, elyvilon_altar_1, chequers_serial_rivers_room_a,
          uniq_terence, uniq_robin, uniq_natasha, uniq_crazy_yiuf_cottage,
          uniq_sigmund, uniq_jessica

Skill      XL: |  1 |
---------------+----+-----
Stealth        | 3 |  3.4
Dodging        | |  2.0
Spellcasting   | |  2.2
Ice Magic      | |  4.6

Action                     || total
---------------------------++-------
  Melee: Club              ||    67
         Constrict         ||    20
         Tentacles         ||    15
         Unarmed           ||     3
   Cast: Ozocubu's Armour  ||     1
   Stab: Sleeping          ||     8
 Armour: Skin              ||    17
  Dodge: Dodged            ||    49
